 Dungeon Crawl Stone Soup version 0.29.0-11-gd7f09526c8 (webtiles) character file.

Game seed: 14530318700294620332

132 Armakuni the Cudgeller (level 5, -2/41 HPs)
             Began as a Human Delver on Sept 6, 2022.
             Killed by divine providence
             ... invoked by an orc priest
              (11 damage)
             ... on level 3 of the Dungeon.
             The game lasted 00:08:52 (2598 turns).

Armakuni the Cudgeller (Human Delver)               Turns: 2598, Time: 00:08:52

Health: -2/41      AC:  5    Str: 15    XL:     5   Next: 38%
Magic:  5/5        EV: 15    Int: 10    God:
Gold:   234        SH:  0    Dex: 18    Spells: 4/4 levels left

rFire   . . .      SeeInvis .   a - +7 short sword of Immorality {spect, Will+ Dex+4}
rCold   . . .      Faith    .   (no shield)
rNeg    . . .      Spirit   .   q - +0 ring mail
rPois   +          Reflect  .   (no helmet)
rElec   .          Harm     .   (no cloak)
rCorr   .          Rampage  .   (no gloves)
Will    +....                   (no boots)
Stlth   ++........              M - amulet of magic regeneration
HPRegen 0.13/turn               E - +4 ring of evasion
MPRegen 0.49/turn               P - ring of poison resistance

@: no status effects
A: no striking features
a: no special abilities


You were on level 3 of the Dungeon.
You visited 1 branch of the dungeon, and saw 6 of its levels.

You collected 234 gold pieces.

Inventory:

Hand Weapons
 a - the +7 short sword of Immorality (weapon) {spect, Will+ Dex+4}
   (You found it on level 2 of the Dungeon)

   When its wielder attacks, the weapon's spirit leaps out and strikes again.
   The spirit shares a part of any damage it takes with its wielder.
   Dex:       It affects your dexterity (+4).
   Will:      It increases your willpower.
 m - a +0 mace
 p - a +2 dagger of draining
Armour
 e - a +0 leather armour
 q - a +0 ring mail (worn)
Jewellery
 r - a +6 ring of strength
 E - a +4 ring of evasion (left hand)
 J - a ring of ice
 K - a ring of resist corrosion
 M - an amulet of magic regeneration (around neck)
 P - a ring of poison resistance (right hand)
Scrolls
 b - a scroll of fear
 c - a scroll of fog
 d - 3 scrolls of immolation
 g - 3 scrolls of vulnerability
 h - a scroll of enchant weapon {unknown}
 j - a scroll of amnesia {unknown}
 k - a scroll of teleportation {unknown}
 n - a scroll of blinking {unknown}
 o - a scroll of butterflies {unknown}
Potions
 f - a potion of flight
 i - 2 potions of curing


   Skills:
 - Level 3.0 Fighting
 + Level 5.2 Maces & Flails
 - Level 2.0 Dodging
 - Level 5.0 Stealth


You had 4 spell levels left.
You didn't know any spells.
Your spell library contained the following spells:

 Spells                   Type           Power      Damage    Failure   Level
 Apportation              Tloc           0%         N/A       58%         1
 Necrotise                Necr           0%         1d4       58%         1
 Slow                     Hex            0%         N/A       58%         1
 Summon Small Mammal      Summ           0%         N/A       58%         1
 Confusing Touch          Hex            0%         N/A       92%         3
 Vampiric Draining        Necr           0%         2d6       92%         3


Dungeon Overview and Level Annotations

Branches:
Dungeon (6/15)
 Temple: D:4-7

Altars:
Ashenzari
Gozag

Shops:
D:1 =

Annotations:
D:4 Sigmund


Message History

The adder attacks as you move away! The adder closely misses you.
The adder misses you.
You closely miss the adder. The adder closely misses you.
You hit the adder.
The adder is heavily wounded.
The adder bites you but does no damage. The adder completely misses you.
You barely miss the adder.
The adder is heavily wounded.
The adder bites you but does no damage.
You hit the adder.
The adder is almost dead.
The adder barely misses you.
The orc priest mumbles some strange prayers to Beogh against you.
Beogh smites you! The adder barely misses you.
You hear an angry hiss.
It was a potion of cancellation.
You feel magically purged. The adder misses you.
You feel better. The adder barely misses you.
You puncture the adder!
You kill the adder!
You hit the orc priest.
The orc priest is lightly wounded.
The orc priest hits you with a +0 flail!
You hit the orc priest but do no damage.
The orc priest is lightly wounded.
The orc priest hits you but does no damage.
You hit the orc priest.
The orc priest is heavily wounded.
The orc priest closely misses you.
You hit the orc priest.
The orc priest is severely wounded.
The orc priest hits you with a +0 flail.
The orc priest mumbles some strange prayers to Beogh against you.
Pain shoots through your body!
* * * LOW HITPOINT WARNING * * *
You barely miss the orc priest.
The orc priest is severely wounded.
The orc priest invokes the aid of Beogh against you.
Beogh smites you!
You die...

#†....#.# ....... #.#
............ ....... #.#
#.#.#.#.#.#. ....... #.######
.......... .....###.......
.#.#.#.#.#.# ..............
...........# ######........#.#
........... .......>.........
######################........#.#
................@o...#........o..
.#..################.##'#####.#.#
...## #.....# #.... .#.#
######..# #.#.# ...# ........#
#.... #.## #######...# ###. #.#
#.........# # ..# #.........# ###
#.........#


You could see an orc priest.

Vanquished Creatures
  An orc wizard (D:3)
  3 adders
  2 worms
  A dart slug (D:2)
  8 orcs (D:3)
  4 endoplasms
  2 giant cockroaches (D:1)
  9 goblins
  8 hobgoblins
  2 quokkas (D:1)
  4 ball pythons
  5 bats
  2 frilled lizards
  5 kobolds
  3 rats
59 creatures vanquished.

Vanquished Creatures (others)
  9 fungi (D:5)
9 creatures vanquished.

Grand Total: 68 creatures vanquished

Notes
Turn   | Place    | Note
-------+----------+-------------------------------------------
     0 | D:5      | Armakuni the Human Delver began the quest for the Orb.
     0 | D:5      | Reached XP level 1. HP: 18/18 MP: 1/1
    26 | D:6      | Noticed an ogre
    38 | D:6      | Noticed an ice beast
    70 | D:5      | Noticed a necrophage
   107 | D:5      | Found an opulent altar of Gozag.
   119 | D:5      | Noticed a necrophage
   144 | D:5      | Noticed a hound
   162 | D:5      | Noticed a steam dragon
   193 | D:5      | Noticed a scorpion
   208 | D:5      | Noticed an orc priest
   210 | D:5      | Noticed a jelly
   287 | D:4      | Found a broken altar of Ashenzari.
   391 | D:4      | Noticed Sigmund
   415 | D:4      | Noticed a scorpion
   497 | D:3      | Reached XP level 2. HP: 19/24 MP: 2/2
   727 | D:3      | Reached XP level 3. HP: 28/29 MP: 3/3
   955 | D:3      | Found a faded altar of an unknown god.
  1470 | D:1      | Reached XP level 4. HP: 35/35 MP: 4/4
  1486 | D:1      | Found Kamouf's Jewellery Boutique.
  2250 | D:2      | Identified the +7 short sword of Immorality {spect, Will+
                  | Dex+4}
  2447 | D:3      | Reached skill level 5 in Maces & Flails
  2447 | D:3      | Reached XP level 5. HP: 41/41 MP: 5/5
  2598 | D:3      | Killed from afar by an orc priest

Illustrated notes

Levels and vault maps discovered:
D:1:      evilmike_arrival_crescent, layout_basic, serial_shops,
          nicolae_square_shop
D:2:      layout_loops_cross, chequers_serial_rivers_micro_b,
          chequers_hall_statues_wall_a
D:3:      layout_basic, serial_glass, glass_columns_c, glass_columns_a,
          hellmonk_ecumenical_altar_prayer_group, minmay_misc_feat_pillars,
          minmay_fractal_squares_diagonal_5
D:4:      layout_loops_corners, mainiacjoe_overflow_catwalk,
          cheibrodos_ashenzari_chains, uniq_sigmund
D:5:      layout_loops_cross, mainiacjoe_overflow_cross_hatched, uniq_menkaure
D:6:      cheibrodos_two_vegetables, layout_cave_pools, temple_statues,
          lightli_minifort

Skill      XL: |  1  2  3  4 |
---------------+-------------+-----
Maces & Flails | 3 4 5 |  5.2
Fighting       | |  3.0
Dodging        | |  2.0
Stealth        | |  5.0

Action                   |  1- 3 |  4- 6 || total
-------------------------+-------+-------++-------
Melee: Mace              |    18 |       ||    18
       Dagger            |    74 |    33 ||   107
       Short sword       |       |    20 ||    20
Evoke: Wand              |     3 |       ||     3
  Use: Scroll            |     5 |     1 ||     6
       Potion            |     2 |     2 ||     4
 Stab: Sleeping          |     9 |     5 ||    14
       Distracted        |       |     1 ||     1
Armor: Leather armour    |     4 |     5 ||     9
       Ring mail         |       |     6 ||     6
Dodge: Dodged            |    71 |    40 ||   111
